| TOP OF THE 1ST |
|
Victoria Capitals batting - Pitching for Kelowna Heat : RHP Danny Estrada
|
|
Pitching: RHP Danny Estrada
|
|
|
Batting: SHB Raghnall Ahearne
|
0-0: Foul Ball, location: 2F 0-1: Called Strike 0-2: Ball 1-2: Ball 2-2: Fly out, F8 (Flyball, 78M, EV 90.6 MPH)
|
|
Batting: RHB Victor Ramirez
|
0-0: Swinging Strike 0-1: Fly out, F9 (Line Drive, 89D, EV 91.2 MPH)
|
|
Batting: RHB Chris Skaff
|
0-0: SINGLE (Line Drive, 8LS, EV 103.1 MPH)
|
|
Batting: LHB Chris Jackson
|
0-0: Called Strike Chris Skaff steals 2nd base 0-1: Called Strike 0-2: Ball 1-2: Strikes out swinging
|
| Top of the 1st over - 0 runs, 1 hit, 0 errors, 1 left on base; Victoria 0 - Kelowna 0 |
| BOTTOM OF THE 1ST |
|
Kelowna Heat batting - Pitching for Victoria Capitals : RHP Terry Jeffrey
|
|
Pitching: RHP Terry Jeffrey
|
|
|
Batting: RHB Armando Ramirez
|
0-0: Reached on error, E4 (Groundball, 4, EV 81.2 MPH)
|
|
Batting: RHB Vinny Torres
|
0-0: Ball 1-0: Ball Armando Ramirez steals 2nd base (no throw) 2-0: Called Strike 2-1: Swinging Strike 2-2: Ball 3-2: Base on Balls
|
|
Batting: LHB Chris West
|
0-0: Ball 1-0: Ball 2-0: Ball 3-0: Called Strike 3-1: Foul Ball, location: 2F 3-2: Foul Ball, location: 2F 3-2: Base on Balls Armando Ramirez to third Vinny Torres to second
|
|
Batting: RHB Coen Dirks
|
0-0: Foul Ball, location: 2F 0-1: Foul Ball, location: 2F 0-2: Ball 1-2: Ball 2-2: Strikes out swinging
|
|
Batting: LHB Mike Roberts
|
0-0: Ball 1-0: Called Strike 1-1: Called Strike 1-2: Ball 2-2: Strikes out swinging
|
|
Batting: RHB Zach Maguire
|
0-0: Ball 1-0: Ball 2-0: GRAND SLAM HOME RUN (Flyball, 78XD, EV 98.1 MPH) (Inside the Park)
|
|
Batting: RHB Billy Pranger
|
0-0: Ball 1-0: Ball 2-0: Ball 3-0: Ground out 1-3 (Groundball, 15S, EV 72.5 MPH)
|
| Bottom of the 1st over - 4 runs, 1 hit, 1 error, 0 left on base; Victoria 0 - Kelowna 4 |
| TOP OF THE 2ND |
|
Victoria Capitals batting - Pitching for Kelowna Heat : RHP Danny Estrada
|
|
Batting: RHB Jose Zuniga
|
0-0: Ball 1-0: Swinging Strike 1-1: SINGLE (Flyball, 78S, EV 88.8 MPH)
|
|
Batting: LHB William Gonzales
|
0-0: Hit by Pitch Jose Zuniga to second
|
|
Batting: RHB Ricky Ramirez
|
0-0: Called Strike 0-1: Ball 1-1: Fielders Choice at 2nd, 5-4 (Groundball, 5, EV 92.5 MPH) Jose Zuniga to third
|
|
Batting: RHB Eddie Luna
|
0-0: Called Strike 0-1: Called Strike 0-2: TRIPLE (Flyball, 78XD, EV 98.8 MPH) Jose Zuniga scores Ricky Ramirez scores
|
|
Batting: RHB Ziven Badersky
|
0-0: Ball 1-0: Ball 2-0: Called Strike 2-1: Swinging Strike 2-2: Ball 3-2: Strikes out swinging
|
|
Batting: SHB Raghnall Ahearne
|
0-0: Ground out U3 (Groundball, 34, EV 105.0 MPH)
|
| Top of the 2nd over - 2 runs, 2 hits, 0 errors, 1 left on base; Victoria 2 - Kelowna 4 |
| BOTTOM OF THE 2ND |
|
Kelowna Heat batting - Pitching for Victoria Capitals : RHP Terry Jeffrey
|
|
Batting: RHB Ricky Aguilar
|
0-0: Ball 1-0: Ball 2-0: Ball 3-0: Base on Balls
|
|
Batting: RHB Tsugio Yamaguchi
|
0-0: SINGLE (Line Drive, 56D, EV 101.9 MPH) Ricky Aguilar to second
|
|
Batting: RHB Armando Ramirez
|
0-0: Called Strike 0-1: Foul Ball, location: 2F 0-2: Ball 1-2: Ball 2-2: Ball 3-2: Foul Ball, location: 2F 3-2: Grounds into double play, 5-4-3 (Groundball, 56, EV 80.6 MPH) Ricky Aguilar to third
|
|
Batting: RHB Vinny Torres
|
0-0: Ball 1-0: Ball 2-0: Ball 3-0: Base on Balls
|
|
Batting: LHB Chris West
|
0-0: Ground out 4-3 (Groundball, 3, EV 86.2 MPH)
|
| Bottom of the 2nd over - 0 runs, 1 hit, 0 errors, 2 left on base; Victoria 2 - Kelowna 4 |
| TOP OF THE 3RD |
|
Victoria Capitals batting - Pitching for Kelowna Heat : RHP Danny Estrada
|
|
Batting: RHB Victor Ramirez
|
0-0: Ball 1-0: SINGLE (Groundball, 6D, EV 99.4 MPH)
|
|
Batting: RHB Chris Skaff
|
0-0: Called Strike Victor Ramirez steals 2nd base 0-1: Ball Passed Ball! Victor Ramirez to third 1-1: Ball 2-1: Ball 3-1: Base on Balls
|
|
Batting: LHB Chris Jackson
|
0-0: Called Strike Chris Skaff is caught stealing 2nd base 2-6 0-1: Ball Wild Pitch! Victor Ramirez scores 1-1: Ball 2-1: Ball 3-1: DOUBLE (Flyball, 8LXD, EV 103.8 MPH)
|
|
Batting: RHB Jose Zuniga
|
0-0: Ball Chris Jackson steals 3rd base 1-0: Foul Ball, location: 2F 1-1: Ball 2-1: Ball 3-1: Foul Ball, location: 2F 3-2: Ground out 6-3 (Groundball, 6, EV 88.8 MPH) Chris Jackson scores
|
|
Batting: LHB William Gonzales
|
0-0: Called Strike 0-1: Ball 1-1: Ground out 4-3 (Groundball, 4, EV 81.2 MPH)
|
| Top of the 3rd over - 2 runs, 2 hits, 0 errors, 0 left on base; Victoria 4 - Kelowna 4 |
| BOTTOM OF THE 3RD |
|
Kelowna Heat batting - Pitching for Victoria Capitals : RHP Terry Jeffrey
|
|
Batting: RHB Coen Dirks
|
0-0: Ball 1-0: Ball 2-0: Ball 3-0: Base on Balls
|
|
Batting: LHB Mike Roberts
|
0-0: Foul Ball, location: 2F 0-1: Ball 1-1: Ball 2-1: Ball 3-1: Base on Balls Coen Dirks to second
|
|
Batting: RHB Zach Maguire
|
0-0: Fielders Choice at 2nd, 4-6 (Groundball, 4, EV 83.8 MPH) Coen Dirks to third
|
|
Batting: RHB Billy Pranger
|
0-0: Ball 1-0: Called Strike 1-1: Swinging Strike 1-2: Ball 2-2: Foul Ball, location: 2F 2-2: Fly out, F9 (Line Drive, 89M, EV 98.1 MPH) Runner from 3rd tags up, SCORES, no throw by RF
|
|
Batting: RHB Ricky Aguilar
|
0-0: Called Strike 0-1: Fly out, F6 (Flyball, 5D, EV 92.5 MPH)
|
| Bottom of the 3rd over - 1 run, 0 hits, 0 errors, 1 left on base; Victoria 4 - Kelowna 5 |
| TOP OF THE 4TH |
|
Victoria Capitals batting - Pitching for Kelowna Heat : RHP Danny Estrada
|
|
Batting: RHB Ricky Ramirez
|
0-0: SINGLE (Line Drive, 4D, EV 97.5 MPH)
|
|
Batting: RHB Eddie Luna
|
0-0: Hit by Pitch Ricky Ramirez to second
|
|
Batting: RHB Ziven Badersky
|
0-0: Ball 1-0: Ball Wild Pitch! Ricky Ramirez to third Eddie Luna to second 2-0: Fly out, F9 (Flyball, 9LS, EV 83.1 MPH)
|
|
Batting: SHB Raghnall Ahearne
|
0-0: Ball 1-0: Called Strike 1-1: Fly out, F8 (Line Drive, 8LM, EV 94.4 MPH) Runner from 3rd tags up, SCORES, throw by CF
|
|
Batting: RHB Victor Ramirez
|
0-0: Ball 1-0: SINGLE (Flyball, 7LS, EV 91.2 MPH) Eddie Luna to third
|
|
Batting: RHB Chris Skaff
|
0-0: Called Strike 0-1: Called Strike 0-2: Foul Ball, location: 2F 0-2: Fielders Choice at 2nd, 5-4 (Groundball, 56, EV 102.5 MPH)
|
| Top of the 4th over - 1 run, 2 hits, 0 errors, 2 left on base; Victoria 5 - Kelowna 5 |
| BOTTOM OF THE 4TH |
|
Kelowna Heat batting - Pitching for Victoria Capitals : RHP Terry Jeffrey
|
|
Batting: RHB Tsugio Yamaguchi
|
0-0: Hit by Pitch
|
|
Batting: RHB Armando Ramirez
|
0-0: Ball 1-0: Ball 2-0: Grounds into double play, 4-6-3 (Groundball, 4, EV 86.2 MPH)
|
|
Batting: RHB Vinny Torres
|
0-0: SINGLE (Line Drive, 9S, EV 93.8 MPH)
|
|
Batting: LHB Chris West
|
0-0: Ball 1-0: Foul Ball, location: 2F 1-1: Ball 2-1: Ball 3-1: Base on Balls Vinny Torres to second
|
|
Batting: RHB Coen Dirks
|
0-0: Foul Ball, location: 2F 0-1: Called Strike 0-2: Ball 1-2: Foul Ball, location: 2F 1-2: Foul Ball, location: 2F 1-2: Ball 2-2: Foul Ball, location: 2F 2-2: SINGLE (Flyball, 3D, EV 94.4 MPH) Vinny Torres to third Chris West to second Runner from 3rd tries for Home, SAFE, throw by RF to home
|
|
Batting: LHB Mike Roberts
|
0-0: Swinging Strike 0-1: Swinging Strike 0-2: Ball Wild Pitch! Chris West to third Coen Dirks to second 1-2: Ball 2-2: Strikes out swinging
|
| Bottom of the 4th over - 1 run, 2 hits, 0 errors, 2 left on base; Victoria 5 - Kelowna 6 |
| TOP OF THE 5TH |
|
Victoria Capitals batting - Pitching for Kelowna Heat : RHP Danny Estrada
|
|
Batting: LHB Chris Jackson
|
0-0: Called Strike 0-1: Ball 1-1: Ground out U3 (Groundball, 3, EV 85.0 MPH)
|
|
Batting: RHB Jose Zuniga
|
0-0: Called Strike 0-1: Ball 1-1: Fly out, F8 (Flyball, 8RD, EV 96.9 MPH)
|
|
Batting: LHB William Gonzales
|
0-0: Ball 1-0: Swinging Strike 1-1: Foul Ball, location: 2F 1-2: Foul Ball, location: 2F 1-2: Fly out, F8 (Flyball, 8RM, EV 93.1 MPH)
|
| Top of the 5th over - 0 runs, 0 hits, 0 errors, 0 left on base; Victoria 5 - Kelowna 6 |
| BOTTOM OF THE 5TH |
|
Kelowna Heat batting - Pitching for Victoria Capitals : RHP Terry Jeffrey
|
|
Pitching: RHP Domingo Maldonado
|
|
|
Batting: RHB Zach Maguire
|
0-0: Ball 1-0: Ball 2-0: Called Strike 2-1: Foul Ball, location: 2F 2-2: SINGLE (Groundball, 4M, EV 98.8 MPH) (infield hit)
|
|
Batting: RHB Billy Pranger
|
0-0: Called Strike Zach Maguire steals 2nd base 0-1: Called Strike 0-2: Ball 1-2: Foul Ball, location: 2F 1-2: Strikes out swinging
|
|
Batting: RHB Ricky Aguilar
|
0-0: Ball 1-0: Swinging Strike 1-1: Ball 2-1: Foul Ball, location: 2F 2-2: Foul Ball, location: 2F 2-2: Strikes out swinging
|
|
Batting: RHB Tsugio Yamaguchi
|
0-0: Called Strike 0-1: Called Strike 0-2: Ground out 5-3 (Groundball, 56, EV 88.1 MPH)
|
| Bottom of the 5th over - 0 runs, 1 hit, 0 errors, 1 left on base; Victoria 5 - Kelowna 6 |
| TOP OF THE 6TH |
|
Victoria Capitals batting - Pitching for Kelowna Heat : RHP Danny Estrada
|
|
Batting: RHB Ricky Ramirez
|
0-0: Ball 1-0: Ground out 5-3 (Groundball, 56, EV 100.6 MPH)
|
|
Batting: RHB Eddie Luna
|
0-0: Ball 1-0: Foul Ball, location: 2F 1-1: Called Strike 1-2: Ball 2-2: Foul Ball, location: 2F 2-2: Ground out 4-3 (Groundball, 4, EV 84.4 MPH)
|
|
Batting: RHB Ziven Badersky
|
0-0: Foul Ball, location: 2F 0-1: Swinging Strike 0-2: Ball 1-2: Ball 2-2: Ball 3-2: Strikes out swinging
|
| Top of the 6th over - 0 runs, 0 hits, 0 errors, 0 left on base; Victoria 5 - Kelowna 6 |
| BOTTOM OF THE 6TH |
|
Kelowna Heat batting - Pitching for Victoria Capitals : RHP Domingo Maldonado
|
|
Batting: RHB Armando Ramirez
|
0-0: SINGLE (Groundball, 34S, EV 70.6 MPH) (infield hit)
|
|
Batting: RHB Vinny Torres
|
0-0: Ball 1-0: Foul Ball, location: 2F 1-1: Ball 2-1: Swinging Strike 2-2: Foul Ball, location: 2F 2-2: SINGLE (Line Drive, 5D, EV 99.4 MPH) Armando Ramirez to second
|
|
Batting: LHB Chris West
|
0-0: Called Strike 0-1: Ball 1-1: Swinging Strike 1-2: Ball 2-2: Strikes out swinging
|
|
Batting: RHB Coen Dirks
|
0-0: Swinging Strike 0-1: Foul Ball, location: 2F 0-2: Ball 1-2: Foul Ball, location: 2F 1-2: Ball 2-2: Fly out, F7 (Flyball, 7, EV 80.6 MPH)
|
|
Pitching: RHP Ke-yong Khoo
|
|
|
Batting: LHB Mike Roberts
|
0-0: Called Strike 0-1: Swinging Strike 0-2: Strikes out swinging
|
| Bottom of the 6th over - 0 runs, 2 hits, 0 errors, 2 left on base; Victoria 5 - Kelowna 6 |
| TOP OF THE 7TH |
|
Victoria Capitals batting - Pitching for Kelowna Heat : RHP Danny Estrada
|
|
Batting: SHB Raghnall Ahearne
|
0-0: Called Strike 0-1: Swinging Strike 0-2: Ball 1-2: Foul Ball, location: 2F 1-2: Ball 2-2: Ball 3-2: Base on Balls
|
|
Batting: RHB Victor Ramirez
|
0-0: Ball Raghnall Ahearne steals 2nd, throwing error, E2 Raghnall Ahearne to third 1-0: Fly out, F9 (Flyball, 9, EV 85.6 MPH) Runner from 3rd tags up, SCORES, no throw by RF
|
|
Batting: RHB Chris Skaff
|
0-0: Foul Ball, location: 2F 0-1: Foul Ball, location: 2F 0-2: Ball 1-2: Fly out, F8 (Flyball, 8RS, EV 98.1 MPH)
|
|
Batting: LHB Chris Jackson
|
0-0: Called Strike 0-1: Called Strike 0-2: Ball 1-2: Strikes out looking
|
| Top of the 7th over - 1 run, 0 hits, 1 error, 0 left on base; Victoria 6 - Kelowna 6 |
| BOTTOM OF THE 7TH |
|
Kelowna Heat batting - Pitching for Victoria Capitals : RHP Ke-yong Khoo
|
|
Batting: RHB Zach Maguire
|
0-0: Ball 1-0: Called Strike 1-1: Called Strike 1-2: Ball 2-2: Fly out, F8 (Flyball, 8RXD, EV 104.4 MPH)
|
|
Batting: RHB Billy Pranger
|
0-0: Ball 1-0: Foul Ball, location: 2F 1-1: Ball 2-1: Ball 3-1: SOLO HOME RUN (Flyball, 7LD, EV 99.4 MPH), Distance : 355 ft
|
|
Batting: RHB Ricky Aguilar
|
0-0: Called Strike 0-1: Ball 1-1: Called Strike 1-2: Ball 2-2: Ball 3-2: Foul Ball, location: 2F 3-2: Strikes out swinging, 2-3 out at first.
|
|
Batting: RHB Malik Sharpless
|
0-0: Called Strike 0-1: Foul Ball, location: 2F 0-2: Strikes out swinging
|
| Bottom of the 7th over - 1 run, 1 hit, 0 errors, 0 left on base; Victoria 6 - Kelowna 7 |
| TOP OF THE 8TH |
|
Victoria Capitals batting - Pitching for Kelowna Heat : RHP Danny Estrada
|
|
Batting: RHB Jose Zuniga
|
0-0: Called Strike 0-1: Ball 1-1: Foul Ball, location: 2F 1-2: Foul Ball, location: 2F 1-2: Ball 2-2: Ball 3-2: Ground out 5-3 (Groundball, 5L, EV 84.4 MPH)
|
|
Pitching: LHP Ricky Coats
|
|
|
Pinch Hitting: LHB Jason Kinney
|
0-0: Called Strike 0-1: Ball 1-1: Ball 2-1: Ball 3-1: Foul Ball, location: 2F 3-2: DOUBLE (Line Drive, 5D, EV 98.1 MPH)
|
|
Batting: RHB Ricky Ramirez
|
0-0: Ball 1-0: Fly out, F7 (Flyball, 7D, EV 91.9 MPH) Runner from 2nd tags up, SAFE at 3rd, no throw by LF
|
|
Batting: RHB Eddie Luna
|
0-0: Called Strike 0-1: Ball 1-1: Foul Ball, location: 2F 1-2: Ball 2-2: Ball 3-2: Strikes out swinging
|
| Top of the 8th over - 0 runs, 1 hit, 0 errors, 1 left on base; Victoria 6 - Kelowna 7 |
| BOTTOM OF THE 8TH |
|
Kelowna Heat batting - Pitching for Victoria Capitals : RHP Ke-yong Khoo
|
|
Now at 1B: Joaquin Salazar
|
|
|
Batting: RHB Armando Ramirez
|
0-0: Foul Ball, location: 2F 0-1: Ball 1-1: Foul Ball, location: 2F 1-2: Foul Ball, location: 2F 1-2: Strikes out swinging
|
|
Pitching: RHP Frank Kats
|
|
|
Batting: RHB Vinny Torres
|
0-0: Foul Ball, location: 2F 0-1: Ball 1-1: Foul Ball, location: 2F 1-2: Foul Ball, location: 2F 1-2: Foul Ball, location: 2F 1-2: Foul Ball, location: 2F 1-2: Foul Ball, location: 2F 1-2: Fly out, F9 (Flyball, 9D, EV 106.2 MPH)
|
|
Batting: LHB Chris West
|
0-0: Foul Ball, location: 2F 0-1: Called Strike 0-2: Ball 1-2: Foul Ball, location: 2F 1-2: Strikes out swinging
|
| Bottom of the 8th over - 0 runs, 0 hits, 0 errors, 0 left on base; Victoria 6 - Kelowna 7 |
| TOP OF THE 9TH |
|
Victoria Capitals batting - Pitching for Kelowna Heat : LHP Ricky Coats
|
|
Now at 1B: Coen Dirks
|
|
|
Now at 2B: Josh Truell
|
|
|
Pinch Hitting: RHB Jung-wan Aan
|
0-0: Ball 1-0: Ball 2-0: Called Strike 2-1: Ball 3-1: Base on Balls
|
|
Pitching: LHP Jason Haas
|
|
|
Batting: SHB Raghnall Ahearne
|
0-0: Bunted foul 0-1: Sac Bunt to 13 - play at first, batter OUT! 1-4 Jung-wan Aan to second
|
|
Batting: RHB Victor Ramirez
|
0-0: Called Strike 0-1: Ball 1-1: Swinging Strike 1-2: Strikes out swinging
|
|
Batting: RHB Chris Skaff
|
0-0: Ground out 1-3 (Groundball, P, EV 65.0 MPH)
|
| Top of the 9th over - 0 runs, 0 hits, 0 errors, 1 left on base; Victoria 6 - Kelowna 7 |
|